Map: Ice and Chrome LE

Players

Arctur

  • Race: Terran Terran
  • Spawn Location: 1:00

BlyOnFire (Bly) - Winner!

  • Race: Zerg Zerg
  • Spawn Location: 7:00

Event: DreamHack SC2 Masters 2020 Summer Europe

VOD

Have the link to the VOD?

Description

Time

  • Played on: July 4, 2020, 11:18 a.m.
  • Length: 11:23

All games in this series

Show
View Real Time Build Order
Export as new Build Order

Arctur Terran 

Build Orders: Reaper Expand 

Get SALT Encoding   

  12  0:00  SCV  
  13  0:12  SCV  
  14  0:17  Supply Depot  
  14  0:25  SCV  
  15  0:38  SCV  
  15  0:40  Barracks  
  16  0:43  Refinery  
  16  0:50  SCV  
  17  1:03  SCV  
  18  1:15  SCV  
  19  1:27  Orbital Command, Reaper  
  20  1:39  Command Center  
  20  1:48  Supply Depot  
  20  1:53  SCV  
  21  1:59  Marine  
  22  2:05  SCV  
  23  2:09  Bunker  
  23  2:15  Factory  
  23  2:17  Marine  
  23  2:19  SCV  
  25  2:26  Refinery  
  25  2:32  SCV  
  25  2:35  Marine  
  27  2:44  SCV  
  28  2:55  Marine  
  28  2:56  SCV  
  29  3:00  Factory Tech Lab  
  29  3:09  Orbital Command  
  29  3:10  SCV  
  28  3:13  Marine  
  28  3:17  Starport  
  32  3:20  Cyclone  
  32  3:22  SCV  
  33  3:29  Supply Depot  
  33  3:32  Orbital Command  
  33  3:37  Marine  
  33  3:40  SCV  
  35  3:42  Supply Depot  
  34  3:57  SCV  
  34  3:59  Siege Tank  
  34  4:02  SCV  
  40  4:03  Starport Tech Lab  
  39  4:17  SCV  
  39  4:18  Supply Depot  
  39  4:19  SCV  
  39  4:22  Banshee, Barracks Reactor  
  44  4:29  SCV  
  44  4:31  SCV  
  45  4:39  Siege Tank  
  45  4:42  SCV  
  49  4:52  Supply Depot  
  49  4:59  Supply Depot  
  47  5:14  Marine  
  47  5:20  Marine, Banshee  
  54  5:22  Cloaking Field  
  51  5:32  Marine  
  52  5:36  Command Center  
  52  5:38  Marine  
  53  5:45  Siege Tank  
  53  5:49  SCV  
  57  5:50  Marine  
  58  6:02  Marine  
  59  6:06  Banshee  
  59  6:07  Marine  
  63  6:15  Supply Depot  
  55  6:29  Siege Tank, Marine x2  
  60  6:39  Barracks  
  60  6:42  SCV  
  60  6:49  Marine x2  
  62  6:57  Banshee  
  65  7:07  Siege Tank  
  68  7:17  Orbital Command  
  68  7:23  Marine x2  
  68  7:26  SCV  
  57  7:41  Marine  
  58  7:44  Siege Tank  
  58  7:50  SCV x2  
  63  8:00  Marine x3  
  66  8:08  Stimpack  
  66  8:18  Marine x3  
  69  8:21  Supply Depot  
  69  8:26  Barracks  
  69  8:28  Medivac  
  71  8:36  Marine x3  
  74  8:50  Siege Tank  
  74  8:54  Orbital Command, Marine x2  
  79  9:03  Marine  
  80  9:11  Marine  
  80  9:12  Marine  
  80  9:15  Barracks Tech Lab  
  82  9:21  Marine  
  82  9:26  Siege Tank, Engineering Bay  
  82  9:29  Marine  
  86  9:34  Marine x2  
  88  9:48  Marine x2  
  88  9:52  Marine x2  
  89  10:06  Marine x2  
  89  10:10  Marine x2  
  55  10:23  Marine x2  
  55  10:27  Marine  
  55  10:28  Marine  
  47  10:31  Orbital Command  
  47  10:32  Siege Tank  
  48  10:41  Marine x2  
  45  10:45  Marine  
  45  10:52  Marine  
Show
View Real Time Build Order
Export as new Build Order

BlyOnFire Zerg - Winner!

Build Orders: Hatch First, Ravager All-In 

Get SALT Encoding   

  12  0:01  Drone  
  13  0:12  Overlord  
  13  0:17  Drone  
  14  0:30  Drone x2  
  16  0:49  Hatchery  
  15  0:52  Drone  
  15  0:56  Drone  
  17  0:59  Drone  
  18  1:11  Extractor  
  17  1:15  Spawning Pool  
  17  1:17  Drone  
  17  1:21  Drone  
  18  1:27  Drone  
  19  1:38  Drone  
  20  1:49  Drone  
  20  1:52  Extractor  
  20  2:01  Roach Warren, Queen  
  20  2:02  Queen  
  20  2:05  Drone  
  24  2:10  Drone  
  25  2:18  Overlord  
  25  2:20  Zergling x2  
  26  2:26  Overlord  
  26  2:33  Drone  
  27  2:39  Spore Crawler  
  27  2:44  Roach x2  
  30  2:48  Roach  
  32  2:57  Overlord  
  32  2:59  Roach  
  32  3:13  Roach  
  32  3:14  Ravager x3  
  32  3:16  Drone x2  
  39  3:23  Roach  
  41  3:31  Ravager  
  41  3:32  Overlord  
  42  3:44  Drone x2, Queen  
  46  3:55  Ravager  
  47  4:01  Drone x4  
  51  4:04  Metabolic Boost  
  51  4:10  Overlord  
  51  4:14  Ravager  
  52  4:18  Drone x3  
  52  4:23  Queen  
  57  4:39  Roach  
  57  4:40  Overlord  
  61  4:45  Roach  
  61  4:48  Spore Crawler  
  60  4:57  Spore Crawler x2  
  58  5:00  Roach  
  58  5:01  Roach x3  
  63  5:17  Zergling x10  
  63  5:18  Zergling x2  
  67  5:29  Ravager x2  
  67  5:30  Ravager, Overlord  
  67  5:31  Drone x2  
  67  5:35  Queen  
  74  5:52  Drone x4  
  74  5:57  Queen  
  78  5:59  Spore Crawler  
  78  6:03  Ravager  
  78  6:04  Ravager x2  
  82  6:06  Drone  
  83  6:12  Spore Crawler  
  73  6:29  Roach x2  
  73  6:30  Zergling x4  
  73  6:31  Zergling x2  
  75  6:48  Overlord  
  75  6:50  Overlord  
  75  6:58  Hatchery  
  74  7:04  Lair  
  74  7:06  Overlord x3, Queen  
  77  7:08  Ravager x2  
  77  7:13  Drone x4  
  82  7:26  Spore Crawler  
  82  7:29  Spore Crawler  
  71  7:37  Drone x2  
  71  7:41  Spore Crawler, Queen  
  74  7:48  Overlord  
  74  7:51  Overlord  
  74  7:52  Spore Crawler  
  74  7:55  Overlord  
  74  7:57  Spore Crawler  
  72  8:02  Zergling x10  
  72  8:05  Overseer, Spore Crawler  
  76  8:24  Glial Reconstitution  
  76  8:30  Queen  
  76  8:32  Roach  
  76  8:33  Roach x2  
  84  8:47  Roach  
  84  8:48  Zergling x14  
  93  9:04  Ravager x2  
  93  9:05  Ravager  
  93  9:09  Evolution Chamber  
  95  9:11  Roach x2  
  99  9:21  Roach x7  
  99  9:22  Overlord  
  112  9:26  Overlord  
  112  9:30  Zergling x4  
  114  9:35  Overlord  
  112  9:50  Drone x3  
  112  9:51  Spire  
  112  9:52  Extractor  
  113  9:58  Overlord  
  97  10:16  Roach x7  
  82  10:23  Roach  
  78  10:28  Roach  
  78  10:34  Roach x2  
  78  10:35  Zergling x6  
  84  10:44  Zergling x2  
  84  10:45  Zergling x2  
  84  10:49  Zergling x6  
  89  10:58  Drone  
  89  11:03  Ravager  
  91  11:04  Ravager  
  91  11:05  Drone  
Tags
 
Add a new tag
Caveats
  • Supply blocks, unpowered buildings, or Contaminate may cause inaccurate times.
  • Supply counts are checked every 10 seconds.